 Dungeon Crawl Stone Soup version 0.18.1-6-gd335043 (webtiles) character file.

529 namelastname112 the Grasshopper (level 7, -5/58 HPs)
             Began as a White Draconian Warper on May 15, 2016.
             Slain by Prince Ribbit (8 damage)
             ... on level 5 of the Dungeon.
             The game lasted 00:09:30 (3883 turns).

namelastname112 the Grasshopper (DrWr)              Turns: 3883, Time: 00:09:31

Health: -5/58      AC:  8    Str: 13    XL:     7   Next: 3%
Magic:  3/11       EV:  8    Int: 14    God:
Gold:   158        SH:  0    Dex: 12    Spells: 2 memorised, 9 levels left

rFire  . . .     SeeInvis +     a - +0 falchion
rCold  + . .     Gourm    .     (armour unavailable)
rNeg   + . .     Faith    .     (no shield)
rPois  .         Spirit   .     (helmet restricted)
rElec  .         Dismiss  +     i - +1 cloak
rCorr  .         Reflect  .     (no gloves)
SustAt .         Harm     .     (no boots)
MR     .....                    k - amulet of dismissal
Stlth  +.........               o - ring of positive energy
                                g - ring of see invisible

@: lethally poisoned (-5 -> -8), not resistant to hostile enchantments, very
unstealthy
A: breathe frost, unfitting armour, cold resistance 1, cold-blooded, AC +6
a: Breathe Frost


You were on level 5 of the Dungeon.
You were not hungry.

You visited 1 branch of the dungeon, and saw 5 of its levels.

You collected 158 gold pieces.

Inventory:

Hand Weapons
 a - a +0 falchion (weapon)
Missiles
 d - 2 tomahawks of dispersal (quivered)
 l - 3 tomahawks
Armour
 i - a +1 cloak (worn)
Jewellery
 g - a ring of see invisible (left hand)
 k - an amulet of dismissal (around neck)
 o - a ring of positive energy (right hand)
 s - an uncursed ring of fire
Wands
 m - a wand of lightning (10/15)
 r - a wand of polymorph (7/24)
Scrolls
 c - a scroll of blinking
 j - 4 scrolls of remove curse
 n - 2 scrolls of enchant weapon {unknown}
 p - a scroll of recharging {unknown}
 t - 2 scrolls of fog {unknown}
Potions
 e - 2 potions of flight
Books
 b - a book of Spatial Translocations

   Spells                             Type                      Level
   a - Apportation                    Translocation                1
   b - Blink                          Translocation                2
   c - Shroud of Golubria             Charms/Translocation         2
   d - Portal Projectile              Translocation                3
   e - Teleport Other                 Translocation                3
   f - Passage of Golubria            Translocation                4
Comestibles
 f - 3 bread rations
 h - a royal jelly
 q - a chunk of flesh


   Skills:
 + Level 3.7 Fighting
 * Level 4.4 Long Blades
 - Level 0.8 Throwing
 + Level 3.4 Dodging
 + Level 3.1 Spellcasting
 * Level 4.8 Translocations


You had 9 spell levels left.
You knew the following spells:

 Your Spells              Type           Power        Failure   Level  Hunger
e - Apportation           Tloc           ###.......   2%          1    #......
x - Blink                 Tloc           N/A          4%          2    ##.....


Dungeon Overview and Level Annotations

Branches:
Dungeon (5/15)             Temple (0/1) D:5

Altars:
Cheibriados
Fedhas
Okawaru
Yredelemnul

Portals:
Sewer: D:5

Annotations:
D:3 Sigmund
D:4 namelastname112's ghost, amateur DrWr
D:5 Prince Ribbit


Innate Abilities, Weirdness & Mutations

You can breathe waves of freezing cold.
You can buffet flying creatures when you breathe cold.
Your icy white scales are hard (AC +6).
Your body does not fit into most forms of armour.
Your flesh is cold resistant.
You are cold-blooded and may be slowed by cold attacks.


Message History

Beogh smites you!
* * * LOW HITPOINT WARNING * * *
Found a scale mail.
You take 12 damage, and have 6/58 hp.
MASSIVE DAMAGE!!
You now have 2/11 mp.
Prince Ribbit blinks!
The quokka twitches its whiskers.
Prince Ribbit catches a mouse with his tongue.
Found a stone staircase leading down.
Prince Ribbit croaks regally.
The orc priest casts a cantrip, but nothing happens.
Found a stone staircase leading down.
The adder bites you.
* * * LOW HITPOINT WARNING * * *
There is a stone staircase leading down here.
You take 3 damage, and have 6/58 hp.
The adder bites you.
* * * LOW HITPOINT WARNING * * *
You are lethally poisoned!
The adder poisons you! Prince Ribbit hits you!
You die...

...........#*,...#**,,,,,***,,,,,
........#..#*.....,,,,,,,,,,,,,,,
........o#.##....#**,*******,,,,,
.................#**,* ******
.........o...##..,**,**
..........o..##.#,,,,,*
......r....oo##.##*,*,*
...o....#..o.....##.#,*
#...[..##.roo.oS@...#,*
#########......F....>.#
#####.........# #########.# *,#
***


You could see Prince Ribbit, an orc priest, an adder, 7 orcs and a quokka.

Vanquished Creatures
  Grinder (D:3)
  A scorpion (D:5)
  A howler monkey (D:4)
  A giant frog skeleton (D:4)
  An orc wizard (D:4)
  A worker ant (D:4)
  7 adders
  2 oozes (D:1)
  An adder zombie (D:5)
  A dart slug (D:2)
  3 giant geckos
  7 orcs (D:4)
  6 bats
  2 giant cockroaches
  7 goblins
  9 hobgoblins
  7 jackals
  2 ball pythons
  A giant gecko skeleton (D:4)
  6 giant newts
  A jackal skeleton (D:4)
  5 kobolds
  13 rats
86 creatures vanquished.

Notes
Turn   | Place    | Note
--------------------------------------------------------------
     0 | D:1      | namelastname112 the Draconian Warper began the quest for the Orb.
     0 | D:1      | Reached XP level 1. HP: 17/17 MP: 3/3
   340 | D:1      | namelastname112: эх
   340 | D:1      | namelastname112: вот время было
   340 | D:1      | namelastname112: когда из них пить можно было
   341 | D:1      | Reached XP level 2. HP: 25/25 MP: 5/5
   967 | D:1      | Learned a level 2 spell: Blink
  1060 | D:1      | Reached XP level 3. HP: 30/30 MP: 6/6
  1982 | D:2      | Reached XP level 4. HP: 37/37 MP: 7/7
  2446 | D:3      | Noticed Grinder
  2469 | D:3      | Paralysed by Grinder for 5 turns
  2478 | D:3      | Paralysed by Grinder for 3 turns
  2493 | D:3      | Paralysed by Grinder for 5 turns
  2520 | D:3      | Paralysed by Grinder for 6 turns
  2544 | D:3      | Paralysed by Grinder for 6 turns
  2552 | D:3      | Paralysed by Grinder for 4 turns
  2558 | D:3      | Killed Grinder
  2558 | D:3      | Reached XP level 5. HP: 18/45 MP: 7/9
  2558 | D:3      | Reached XP level 6. HP: 21/51 MP: 7/10
  2847 | D:3      | Noticed Sigmund
  3179 | D:4      | Noticed namelastname112's ghost (amateur DrWr)
  3189 | D:4      | Found a basalt altar of Yredelemnul.
  3273 | D:4      | Found an iron altar of Okawaru.
  3279 | D:4      | epen: ммм
  3279 | D:4      | epen: вопрос
  3317 | D:4      | epen: а можешь в воду блинкнуться?
  3344 | D:4      | incide: вроде не
  3345 | D:4      | namelastname112: не можешь
  3490 | D:4      | epen: а аир дракон может толкнуть в воду?
  3516 | D:4      | Found a snail-covered altar of Cheibriados.
  3529 | D:4      | incide: тоже не
  3536 | D:4      | incide: вопрос интереснее - можешь ли блинкнуться в воду мерфолком
  3537 | D:5      | Entered Level 5 of the Dungeon
  3538 | D:5      | namelastname112: да
  3551 | D:5      | Found a blossoming altar of Fedhas.
  3596 | D:5      | epen: а торнадо?
  3599 | D:5      | Noticed Prince Ribbit
  3796 | D:4      | Your scales start taking on an icy white colour.
  3796 | D:4      | Reached XP level 7. HP: 38/58 MP: 11/11
  3796 | D:4      | Gained mutation: Your flesh is cold resistant. [White Draconian growth]
  3857 | D:5      | Found a glowing drain.
  3883 | D:5      | Slain by Prince Ribbit

Skill      XL: |  1  2  3  4  5  6 |
---------------+-------------------+-----
Long Blades    | 4 |  4.4
Fighting       | 3 |  3.7
Translocations | 4 |  4.8
Dodging        | 3 |  3.4
Spellcasting   | 3 |  3.1
Throwing       | |  0.8

Action                   |  1- 3 |  4- 6 |  7- 9 || total
-------------------------+-------+-------+-------++-------
Melee: Falchion          |   160 |   206 |       ||   366
       Tailslap          |     8 |    26 |       ||    34
       Unarmed           |       |     3 |       ||     3
Throw: Tomahawk          |       |     3 |       ||     3
 Cast: Blink             |       |     7 |     5 ||    12
  Use: Potion            |       |     7 |       ||     7
       Scroll            |       |     5 |       ||     5
 Stab: Sleeping          |     1 |       |       ||     1
  Eat: Chunk             |     4 |     6 |     1 ||    11
Armor: Skin              |    67 |    91 |     7 ||   165
Dodge: Dodged            |   129 |   188 |    21 ||   338
